 Dungeon Crawl Stone Soup version 0.28-a0-1555-g9ae15a6949 (webtiles) character file.

Game seed: 14421501390606821079

2056 issech the Cudgeller (level 9, 0/85 HPs)
             Began as a Troll Fighter on Jan 19, 2022.
             Was an Initiate of Yredelemnul.
             Killed from afar by an electric eel (12 damage)
             ... with a bolt of electricity
             ... on level 6 of the Dungeon.
             The game lasted 00:35:24 (5766 turns).

issech the Cudgeller (Troll Fighter)                Turns: 5766, Time: 00:35:24

Health: 0/85       AC:  6    Str: 32    XL:     9   Next: 5%
Magic:  8/8        EV: 10    Int:  4    God:    Yredelemnul [......]
Gold:   312        SH:  9    Dex: 13    Spells: 8/8 levels left

rFire   . . .      SeeInvis .   l - +1 club (spect)
rCold   . . .      Faith    .   c - +0 kite shield
rNeg    . . .      Spirit   .   k - +2 robe {Will+}
rPois   .          Reflect  .   (helmet restricted)
rElec   .          Harm     .   (no cloak)
rCorr   .          Rampage  .   (gloves unavailable)
Will    +....                   (boots unavailable)
Stlth   ++........              (no amulet)
HPRegen 1.04/turn               u - +6 ring of strength
MPRegen 0.11/turn               (no ring)

@: no status effects
A: large, unfitting armour, claws 3, regeneration 1, shaggy fur 1, tough skin 1
a: Renounce Religion, Recall Undead Harvest


You were on level 6 of the Dungeon.
You worshipped Yredelemnul.
Yredelemnul was noncommittal.
You visited 1 branch of the dungeon, and saw 6 of its levels.

You collected 408 gold pieces.
You spent 96 gold pieces at shops.

Inventory:

Hand Weapons
 a - a +0 flail
 f - a +0 giant spiked club
 l - a +1 spectral club (weapon)
 q - a +1 demon blade of electrocution
 r - a +2 dagger of draining
 t - a +0 hand axe
 v - a +0 giant club
Missiles
 i - 149 stones (quivered)
 n - 3 boomerangs
 p - 19 arrows
 D - a throwing net
 F - 11 sling bullets
Armour
 c - a +0 kite shield (worn)
 k - a +2 robe of willpower (worn)
 m - a +3 leather armour of willpower
 o - a +3 leather armour
 w - an orb of guile
Jewellery
 u - a +6 ring of strength (left claw)
Wands
 y - a wand of flame (25)
Scrolls
 h - 2 scrolls of teleportation
 j - 3 scrolls of vulnerability {unknown}
 s - 2 scrolls of amnesia {unknown}
 x - a scroll of enchant weapon {unknown}
 A - 2 scrolls of identify
 C - 2 scrolls of fog {unknown}
Potions
 b - a potion of berserk rage {unknown}
 d - 2 potions of might
 e - 2 potions of degeneration
 g - 2 potions of curing
 z - a potion of cancellation {unknown}
 B - a potion of lignification {unknown}
 E - 2 potions of mutation {unknown}


   Skills:
 + Level 4.5 Fighting
 + Level 6.4 Maces & Flails
 + Level 5.2 Dodging
 + Level 1.6 Stealth
 + Level 5.3 Shields


You had 8 spell levels left.
You didn't know any spells.
Your spell library contained the following spells:

 Spells                   Type           Power      Damage    Failure   Level
 Animate Skeleton         Necr           0%         N/A       77%         1
 Apportation              Tloc           0%         N/A       77%         1
 Freeze                   Ice            0%         1d3       77%         1
 Summon Small Mammal      Summ           0%         N/A       77%         1
 Static Discharge         Conj/Air       0%         N/A       88%         2
 Frozen Ramparts          Ice            0%         1d2       98%         3
 Gell's Gravitas          Tloc           0%         N/A       98%         3
 Lesser Beckoning         Tloc           0%         N/A       98%         3
 Teleport Other           Tloc           0%         N/A       98%         3
 Dispel Undead            Necr           0%         3d6       100%        4
 Hailstorm                Conj/Ice       0%         3d3       100%        4
 Sticky Flame             Conj/Fire      0%         2d3       100%        4
 Dispersal                Tloc           0%         N/A       100%        6


Dungeon Overview and Level Annotations

Branches:
Dungeon (6/15)             Temple (0/1) D:4

Altars:
Vehumet
Wu Jian
Yredelemnul
Beogh

Shops:
D:3 =[?![

Annotations:
D:6 1 transporter


Innate Abilities, Weirdness & Mutations

You are too large for most types of armour.
You have claws for hands.
Your natural rate of healing is unusually fast.
You are covered in fur. (AC +1)
You have tough skin. (AC +1)


Message History

You swap places.
You open the door.
The electric eel shoots out a bolt of lightning at you!
The bolt of electricity hits you!
The bolt of electricity hits your spectral jelly!
You enter the shallow water.
Moving in this stuff is going to be slow.
Your scorpion zombie closely misses the electric eel.
Your scorpion zombie barely misses the electric eel.
Your scorpion zombie closely misses the electric eel.
Your spectral jelly hits the electric eel but does no damage.
The electric eel shoots out a bolt of lightning at you!
The bolt of electricity hits your scorpion zombie!
The bolt of electricity hits you! x2
The bolt of electricity hits your scorpion zombie.
Your scorpion zombie completely misses the electric eel.
The electric eel shoots out a bolt of lightning at you!
The bolt of electricity hits your scorpion zombie!
The bolt of electricity hits you. The bolt of electricity hits you!
Your spectral jelly hits the electric eel.
There is an open door here.
The electric eel shoots out a bolt of lightning at you!
The bolt of electricity hits your scorpion zombie!
Your scorpion zombie is destroyed!
The bolt of electricity hits you! x2
Your spectral jelly closely misses the electric eel.
Your spectral jelly misses the electric eel.
The electric eel shoots out a bolt of lightning at you!
The bolt of electricity hits you!
* * * LOW HITPOINT WARNING * * *
You barely miss the electric eel.
The electric eel shoots out a bolt of lightning at you!
The bolt of electricity hits you.
* * * LOW HITPOINT WARNING * * *
The bolt of electricity hits you!
* * * LOW HITPOINT WARNING * * *
The electric eel shoots out a bolt of lightning at you!
The bolt of electricity hits you!
You die...
Your body rises from the dead as a mindless zombie.

###.#######.#...... #...#
#.#.#.... ###########.#######
#.#.#.### #.................#
#.#.#.# #.###############.#
#.#.#.#
##.#8P#≈≈≈≈≈≈≈#≈8#.###.#.#.###
##..#..#P≈P≈≈..#..#..##.#<#.#..
#..©#©(+≈≈≈⌠≈..'.©#©..#.#.#.#>#
#...#..#≈≈≈≈≈Z@#..#.....#.#.#.#
##.#.#8P#≈≈≈≈≈SS#≈8#.###.#.#...#
#..#.###############.#.........#
#.##...........................#
#.######.#############...#......
#.# #.# ##..###.#.. #.# #.# #..#
#.#.. ##.######.# #..# #.#..
#..>......# #..###.#.#


You could see 2 electric eels and a friendly spectral jelly.

Vanquished Creatures
  A sky beast (D:5)
  A necrophage (D:6)
  4 ogres
  A phantom (D:5)
  A bullfrog (D:6)
  A water moccasin zombie (D:6)
  3 scorpions
  A centaur zombie (D:6)
  2 jellies
  An orc priest (D:3)
  2 centaur skeletons (D:6)
  A gnoll shaman (D:5)
  3 hounds
  An iguana (D:5)
  A bullfrog skeleton (D:5)
  Jessica (D:2)
  A scorpion zombie (D:5)
  Ijyb (D:3)
  Natasha (twice) (D:2)
  8 orc wizards
  A hound zombie (D:5)
  10 gnolls
  5 adders
  4 worms
  A dart slug (D:4)
  22 orcs
  3 bats
  9 endoplasms
  4 giant cockroaches
  7 goblins
  8 hobgoblins
  6 quokkas
  5 ball pythons
  2 frilled lizards
  7 kobolds
  4 rats
135 creatures vanquished.

Vanquished Creatures (collateral kills)
  A scorpion (D:4)
  A howler monkey (D:4)
  A centaur zombie (D:5)
  An orc wizard (D:6)
  A hound skeleton (D:4)
  A gnoll (D:4)
  A river rat (D:5)
  A white imp (D:5)
  2 adder skeletons
  A dart slug (D:4)
  An orc (D:5)
  A ball python (D:5)
  A goblin (D:4)
  A jackal skeleton (D:4)
  2 rats (D:5)
17 creatures vanquished.

Vanquished Creatures (others)
  A scorpion zombie (D:6)
  2 hound zombies
  An adder zombie (D:6)
  A spectral white imp (D:5)
  7 gnoll zombies
  A kobold (D:4)
  A dart slug zombie (D:4)
  A giant cockroach zombie (D:4)
  A goblin zombie (D:4)
  6 orc zombies
  A quokka zombie (D:5)
  A spectral endoplasm (D:4)
  2 plants (D:6)
  4 withered plants (D:4)
30 creatures vanquished.

Grand Total: 182 creatures vanquished

Notes
Turn   | Place    | Note
-------+----------+-------------------------------------------
     0 | D:1      | issech the Troll Fighter began the quest for the Orb.
     0 | D:1      | Reached XP level 1. HP: 22/22 MP: 0/0
   108 | D:1      | Reached XP level 2. HP: 14/29 MP: 1/1
   131 | D:1      | Reached skill level 2 in Maces & Flails
   743 | D:2      | Reached XP level 3. HP: 36/36 MP: 2/2
  1049 | D:2      | Noticed Jessica
  1059 | D:2      | Killed Jessica
  1060 | D:2      | Reached XP level 4. HP: 42/44 MP: 3/3
  1268 | D:2      | Noticed Natasha
  1285 | D:2      | Killed Natasha
  1286 | D:2      | Reached skill level 3 in Maces & Flails
  1394 | D:2      | Noticed Natasha
  1405 | D:2      | Killed Natasha
  1522 | D:3      | Reached XP level 5. HP: 47/52 MP: 4/4
  1698 | D:3      | Noticed an ogre
  1773 | D:2      | Killed an ogre
  1774 | D:2      | Reached XP level 6. HP: 58/61 MP: 5/5
  2143 | D:3      | Found Leyhunegg's Antique Armour Shop.
  2144 | D:3      | Noticed Ijyb
  2171 | D:3      | Killed Ijyb
  2172 | D:3      | Reached skill level 4 in Maces & Flails
  2295 | D:3      | Found Puufuisi's Magic Scroll Shoppe.
  2296 | D:3      | Found Viulid's Distillery.
  2366 | D:3      | Found Geyr's Antique Armour Emporium.
  2380 | D:3      | Bought a glowing robe for 96 gold pieces
  2589 | D:3      | Found Beigoreu's Jewellery Emporium.
  2741 | D:4      | Found a basalt altar of Yredelemnul.
  2763 | D:4      | Became a worshipper of Yredelemnul the Dark
  2804 | D:4      | Reached XP level 7. HP: 56/63 MP: 6/6
  2821 | D:4      | Reached * piety under Yredelemnul
  2968 | D:4      | Found a staircase to the Ecumenical Temple.
  3594 | D:4      | HP: 3/67 [something (25)]
  3764 | D:5      | Entered Level 5 of the Dungeon
  3802 | D:5      | Reached skill level 5 in Maces & Flails
  3802 | D:5      | Reached skill level 1 in Stealth
  3923 | D:5      | Found a radiant altar of Vehumet.
  4037 | D:5      | Reached XP level 8. HP: 77/78 MP: 7/7
  4259 | D:5      | Found an ornate altar of the Wu Jian Council.
  4488 | D:5      | Reached skill level 6 in Maces & Flails
  4583 | D:5      | Reached ** piety under Yredelemnul
  4845 | D:6      | Found a transporter.
  4860 | D:6      | Reached skill level 5 in Shields
  5023 | D:6      | Reached skill level 5 in Dodging
  5120 | D:6      | Found a transporter.
  5486 | D:6      | Reached XP level 9. HP: 85/85 MP: 8/8
  5766 | D:6      | Killed from afar by an electric eel

Illustrated notes

Levels and vault maps discovered:
D:1:      heliophobic_arrival_enchanted_forest, layout_loops_ring
D:2:      layout_loops_ring, kennysheep_cluttered_room, uniq_natasha,
          uniq_jessica
D:3:      layout_loops_ring, serial_shops, nicolae_lakefront_shop,
          nicolae_lakefront_shop, nicolae_shop_behind_doors,
          nicolae_diamond_shop, shop, chequers_serial_rivers_large_b, hex_tiny,
          kennysheep_orc_chapel, uniq_ijyb
D:4:      layout_cave_pools, yredelemnul_altar_generic,
          minmay_temple_entry_statues_pillars, lemuel_flame_loot_1
D:5:      layout_loops_ring, mainiacjoe_overflow_paths, portal_sewer_entry_e,
          st_stairs_6, kennysheep_diamond
D:6:      gammafunk_steamed_eel, layout_loops_ring,
          chequers_serial_rivers_small_a

Skill      XL: |  1  2  3  4  5  6  7  8 |
---------------+-------------------------+-----
Maces & Flails | 2 3 4 5 6 |  6.4
Dodging        | 3 4 5 |  5.2
Shields        | 3 4 5 |  5.3
Fighting       | 3 4 |  4.5
Stealth        | 1 |  1.6

Action                   |  1- 3 |  4- 6 |  7- 9 || total
-------------------------+-------+-------+-------++-------
Melee: Flail             |    89 |   115 |       ||   204
       Club              |       |   127 |   273 ||   400
  Use: Scroll            |       |     4 |     1 ||     5
 Stab: Sleeping          |     2 |       |     2 ||     4
       Distracted        |       |       |     3 ||     3
Armor: Robe              |    33 |    51 |    79 ||   163
Dodge: Dodged            |    38 |    81 |    86 ||   205
Block: Kite shield       |    42 |    74 |   120 ||   236

Table legend: (Time is in decaauts)
 A = Elapsed time spent in this place.
 B = Non-inter-level travel time spent in this place.
 C = Inter-level travel time spent in this place.
 D = Time resting spent in this place.
 E = Time spent auto-exploring this place.
 F = Levels seen in this place.
 G = Mean time per level.
                   A        B        C        D        E       F      G
               +--------+--------+--------+--------+--------+-----+--------+
         Total |   5974 |   5827 |    147 |    260 |   2629 |   6 |  995.7 |
       Dungeon |   5974 |   5827 |    147 |    260 |   2629 |   6 |  995.7 |
               +--------+--------+--------+--------+--------+-----+--------+

Top non-repeatable levels by time:
     D:3: 1241 daAuts
     D:5: 1115 daAuts
     D:4: 1093 daAuts
     D:6: 934 daAuts
     D:2: 846 daAuts
     D:1: 742 daAuts
